 Dungeon Crawl Stone Soup version 0.30-a0-737-gf23d94013f (webtiles) character file.

Game seed: 9395476676865994429

18 cowhearter the Trooper (level 2, -4/20 (24) HPs)
             Began as a Demonspawn Chaos Knight on Feb 2, 2023.
             Was a Plaything of Xom.
             Slain by a necrophage (6 damage)
             ... on level 2 of the Dungeon.
             The game lasted 00:02:30 (1320 turns).

cowhearter the Trooper (Demonspawn Chaos Knight)    Turns: 1320, Time: 00:02:31

HP:   -4/20 (24)    AC:  7    Str: 12    XL:     2   Next: 48%
MP:   2/2           EV: 11    Int: 13    God:    Xom [..*...]
Gold: 100           SH:  0    Dex: 12    Spells: 1/1 levels left

rFire   . . .      SeeInvis .    a - +0 falchion (chaos)
rCold   . . .      Faith    .    (no shield)
rNeg    . . .      Spirit   .    b - +2 leather armour
rPois   .          Reflect  .    (no helmet)
rElec   .          Harm     .    (no cloak)
rCorr   .          Rampage  .    (no gloves)
Will    .....                    (no boots)
Stlth   +                        (no amulet)
HPRegen 0.23/turn                (no ring)
MPRegen 0.08/turn                (no ring)

@: heavily drained
A: icy blue scales 1
a: Renounce Religion


You were on level 2 of the Dungeon.
You worshipped Xom.
You were a toy of Xom.
You visited 1 branch of the dungeon, and saw 2 of its levels.

You collected 100 gold pieces.

Inventory:

Hand Weapons
 a - a +0 falchion of chaos (weapon)
Missiles
 i - 3 poisoned darts
Armour
 b - a +2 leather armour (worn)
Scrolls
 e - a scroll of fear {unknown}
 g - a scroll of vulnerability {unknown}
 h - a scroll of identify {unknown}
 k - a scroll of amnesia {unknown}
 l - a scroll of poison {unknown}
Potions
 d - 2 potions of haste {unknown}
 f - a potion of heal wounds {unknown}
 j - 2 potions of degeneration {unknown}
Miscellaneous
 c - a piece from Xom's chessboard (15/15) (quivered)


   Skills:
 + Level 3.2 Fighting
 * Level 3.2 Long Blades
 + Level 1.8 Armour
 + Level 0.9 Dodging


You had one spell level left.
You didn't know any spells.
Your spell library was empty.

Dungeon Overview and Level Annotations

Branches:
Dungeon (2/15)

Altars:


Innate Abilities, Weirdness & Mutations

You are partially covered in icy blue scales. (AC +2)


Message History

The necrophage closely misses you.
You miss the frilled lizard.
The frilled lizard bites you but does no damage.
The necrophage hits you.
* * * LOW HITPOINT WARNING * * *
You feel drained.
You closely miss the necrophage. The frilled lizard misses you.
The necrophage barely misses you.
You closely miss the necrophage.
You punch the necrophage, but do no damage.
The frilled lizard bites you but does no damage.
The necrophage closely misses you.
You closely miss the necrophage.
The frilled lizard bites you but does no damage.
The necrophage hits you but does no damage.
You closely miss the necrophage. The frilled lizard bites you.
* * * LOW HITPOINT WARNING * * *
The necrophage barely misses you.
You barely miss the necrophage.
The frilled lizard unfolds its giant frill.
The frilled lizard barely misses you.
The necrophage hits you but does no damage.
You hit the necrophage but do no damage.
The frilled lizard misses you.
The necrophage hits you but does no damage.
The necrophage closely misses you. The frilled lizard bites you.
* * * LOW HITPOINT WARNING * * *
You barely miss the necrophage.
The frilled lizard bites you but does no damage.
The necrophage closely misses you.
You hit the necrophage.
The necrophage resists with almost no effort.
The necrophage is lightly damaged.
The frilled lizard bites you but does no damage.
The necrophage hits you but does no damage.
You hit the necrophage but do no damage.
The necrophage is lightly damaged.
The frilled lizard closely misses you. The necrophage hits you.
You die...
Xom guffaws!

#.#####.### #.#
#.#.......###.#
#.(............
#.#.#...#####.#
#.#...... ...#
#.#.#...# ##### #
#.#.#..##
###.#S####.# #....
.....wl@.#.#.#...#
..#.####n........#
#....#.#......
#...####.####...
#.. #.# .. . ..#
#.# #.. ###


You could see a necrophage, a dart slug, a ball python and a frilled lizard.

Vanquished Creatures
  A worm (D:2)
  A giant cockroach (D:2)
  A quokka (D:1)
  2 ball pythons
  2 bats
  3 frilled lizards (D:1)
  A goblin (D:1)
  2 kobolds (D:1)
  6 rats
19 creatures vanquished.

Notes
Turn   | Place    | Note
-------+----------+-------------------------------------------
     0 | D:1      | cowhearter the Demonspawn Chaos Knight began the quest for
                  | the Orb.
     0 | D:1      | Reached XP level 1. HP: 18/18 MP: 1/1
    57 | D:1      | XOM: divination: detect items
   229 | D:1      | XOM: 2-stop teleportation journey
   270 | D:1      | XOM: silly message
   486 | D:1      | Gained mutation: You are partially covered in icy blue
                  | scales. (AC +2) [demonic ancestry]
   486 | D:1      | Reached XP level 2. HP: 23/24 MP: 2/2
   553 | D:1      | XOM: silly message
   592 | D:1      | XOM: silly message
  1283 | D:2      | Noticed a necrophage
  1286 | D:2      | XOM: confuse monster(s)
  1315 | D:2      | HP: 1/20 [frilled lizard (2)]
  1320 | D:2      | Slain by a necrophage

Illustrated notes

Levels and vault maps discovered:
D:1:      minmay_arrival_cross, layout_basic, chequers_serial_rivers_small_3,
          nicolae_eternal_life
D:2:      layout_basic, minmay_pentomino_q4

Skill      XL: |  1 |
---------------+----+-----
Long Blades    | 3 |  3.2
Fighting       | |  3.2
Armour         | |  1.8
Dodging        | |  0.9

Action                     || total
---------------------------++-------
  Melee: Falchion          ||    77
         Punch             ||     1
   Stab: Confused          ||     2
         Sleeping          ||     1
 Armour: Leather armour    ||    40
  Dodge: Dodged            ||    55

Table legend: (Time is in decaauts)
 A = Elapsed time spent in this place.
 B = Non-inter-level travel time spent in this place.
 C = Inter-level travel time spent in this place.
 D = Time resting spent in this place.
 E = Time spent auto-exploring this place.
 F = Levels seen in this place.
 G = Mean time per level.
                   A        B        C        D        E       F      G
               +--------+--------+--------+--------+--------+-----+--------+
         Total |   1333 |   1323 |     10 |    103 |   1027 |   2 |  666.5 |
       Dungeon |   1333 |   1323 |     10 |    103 |   1027 |   2 |  666.5 |
               +--------+--------+--------+--------+--------+-----+--------+

Top non-repeatable levels by time:
     D:1: 877 daAuts
     D:2: 456 daAuts
